 Dungeon Crawl Stone Soup version 0.29.0-4-gdea44cf6ec (webtiles) character file.

Game seed: 9482511107154758107

158 qw the Chopper (level 5, -8/41 HPs)
             Began as a Demonspawn Cinder Acolyte on Sept 9, 2022.
             Was an Elder of Ignis.
             Killed by nerve-wracking pain
             ... invoked by an orc priest
              (9 damage)
             ... on level 3 of the Dungeon.
             The game lasted 00:01:01 (2954 turns).

qw the Chopper (Demonspawn Cinder Acolyte)          Turns: 2954, Time: 00:01:02

Health: -8/41      AC: 25    Str: 16    XL:     5   Next: 16%
Magic:  6/6        EV:  4    Int: 16    God:    Ignis [****..]
Gold:   98         SH:  4    Dex:  8    Spells: 6/6 levels left

rFire   + . .      SeeInvis .   Y - -1 hand axe (protect)
rCold   . . .      Faith    .   (no shield)
rNeg    . . .      Spirit   .   b - +0 plate armour
rPois   .          Reflect  .   d - +0 helmet
rElec   .          Harm     .   (no cloak)
rCorr   .          Rampage  .   (no gloves)
Will    .....                   (no boots)
Stlth   ..........              (no amulet)
HPRegen 0.13/turn               (no ring)
MPRegen 0.10/turn               (no ring)

@: under a protective aura, fiery-armoured
A: hooves 1, condensation shield
a: Renounce Religion, Fiery Armour, Foxfire Swarm, Rising Flame


You were on level 3 of the Dungeon.
You worshipped Ignis.
Ignis was greatly pleased with you.
You visited 1 branch of the dungeon, and saw 3 of its levels.

You collected 98 gold pieces.


Innate Abilities, Weirdness & Mutations

You have large cloven feet.
A meltable shield of frost defends you. (SH +4)


   Skills:
 - Level 3.0 Fighting
 + Level 4.8 Axes
 - Level 2.0 Armour
 - Level 1.0 Spellcasting
 - Level 2.6 Fire Magic


You had 6 spell levels left.
You didn't know any spells.
Your spell library contained the following spells:

 Spells                   Type           Power      Damage    Failure   Level
 Scorch                   Fire           18%        2d5       100%        2

Inventory:

Hand Weapons
 c - a +0 whip
 Y - a -1 hand axe of protection (weapon)
Armour
 b - a +0 plate armour (worn)
 d - a +0 helmet (worn)
Jewellery
 a - a ring of ice
 e - a ring of ice
Potions
 g - a potion of mutation {unknown}
 h - a potion of cancellation {unknown}

Dungeon Overview and Level Annotations

Branches:
Dungeon (3/15)

Altars:
Ashenzari

Shops:
D:1 :


Message History

You block the orc priest's attack.
You hit the orc priest.
You kick the orc priest, but do no damage.
The orc priest is heavily wounded.
You barely miss the orc. You block the orc priest's attack.
The orc hits you but does no damage.
The orc is burned by your cloak of flames.
The orc is severely wounded.
You hit the orc.
You kill the orc!
You barely miss the orc priest.
The orc priest hits you but does no damage.
The orc priest is burned by your cloak of flames.
The orc priest is heavily wounded.
You hit the orc priest but do no damage.
You kick the orc priest, but do no damage.
The orc priest is heavily wounded.
The orc priest hits you but does no damage.
You closely miss the orc priest. Your kick misses the orc priest.
The orc priest is heavily wounded.
You block the orc priest's attack.
You hit the orc priest.
The orc priest is severely wounded.
The orc priest calls down the wrath of Beogh upon you.
Beogh smites you!
You completely miss the orc priest.
The orc priest is severely wounded.
The orc priest hits you but does no damage.
The orc priest is burned by your cloak of flames.
The orc priest is almost dead.
An orc comes into view. It is wielding a +0 hand axe.
You barely miss the orc priest.
You kick the orc priest, but do no damage.
The orc priest is almost dead.
The orc priest hits you but does no damage.
You barely miss the orc priest.
The orc priest is almost dead.
The orc priest invokes the aid of Beogh against you.
Pain shoots through your body!
You die...

#......##.#########
#..................
....###.##.#########
# #.###.##.#
#o#...##.#
#...####.# #.### #.#
#.# #.# #@# #.#
#.>)o%...##.#
#........#
#........#
..........#
#.#..........
#.#........### #
#........#


You could see an orc priest and an orc.

Vanquished Creatures
  Natasha (D:3)
  Terence (D:3)
  Robin (D:2)
  3 adders
  A dart slug (D:3)
  2 orcs (D:3)
  3 endoplasms
  3 giant cockroaches
  9 hobgoblins
  3 jackals (D:2)
  3 quokkas
  6 ball pythons
  3 bats
  16 goblins
  3 kobolds
  4 rats
62 creatures vanquished.

Vanquished Creatures (others)
  6 plants (D:1)
6 creatures vanquished.

Grand Total: 68 creatures vanquished

Notes
Turn   | Place    | Note
-------+----------+-------------------------------------------
     0 | D:1      | qw the Demonspawn Cinder Acolyte began the quest for the
                  | Orb.
     0 | D:1      | Reached XP level 1. HP: 18/18 MP: 2/2
     0 | D:1      | 0 ||| qw: Version: 0.1-a-113-g051387a
     0 | D:1      | 0 ||| qw: Game counter: 6933
     0 | D:1      | 0 ||| qw: Always use a shield: true
     0 | D:1      | 0 ||| qw: God list: Okawaru
     0 | D:1      | 0 ||| qw: Allow faded altars: false
     0 | D:1      | 0 ||| qw: Do Orc after D:15 true
     0 | D:1      | 0 ||| qw: Do second Lair branch before Depths: true
     0 | D:1      | 0 ||| qw: Lair rune preference: random
     0 | D:1      | 0 ||| qw: Plans: Normal
     0 | D:1      | 0 ||| PLANNING D:1-11
   145 | D:1      | 145 ||| INVOKING Fiery Armour.
   147 | D:1      | Reached skill level 3 in Axes
   343 | D:1      | Gained mutation: You have large cloven feet. [demonic
                  | ancestry]
   343 | D:1      | Reached XP level 2. HP: 22/24 MP: 3/3
   343 | D:1      | 343 ||| Stepping ~*~*~tactically~*~*~ (stealth).
   344 | D:1      | 344 ||| Stepping ~*~*~tactically~*~*~ (stealth).
   603 | D:1      | 603 ||| READING scroll labelled DIQAVO NUIMUEPIA.
   962 | D:1      | Found Valimisi's Book Emporium.
  1206 | D:1      | 1206 ||| UPGRADING to +0 scale mail.
  1216 | D:1      | 1216 ||| DROPPING +0 robe.
  1217 | D:1      | 1217 ||| READING scroll labelled ISAOTE PIQING.
  1218 | D:1      | 1218 ||| READING scroll labelled AJAAMPU ORPHIE.
  1223 | D:1      | 1223 ||| READING scroll labelled XOUTRO NOASTEMP.
  1224 | D:1      | 1224 ||| READING scroll labelled JOHOKUITHRI.
  1225 | D:1      | 1225 ||| READING scroll labelled ZATES JEQA.
  1269 | D:1      | 1269 ||| DROPPING +0 club.
  1300 | D:2      | 1300 ||| Stepping ~*~*~tactically~*~*~ (hiding).
  1378 | D:2      | 1378 ||| Stepping ~*~*~tactically~*~*~ (stealth).
  1388 | D:2      | 1388 ||| INVOKING Fiery Armour.
  1388 | D:2      | HP: 6/24 [adder (2)]
  1389 | D:2      | Gained mutation: A meltable shield of frost defends you.
                  | (SH +4) [demonic ancestry]
  1389 | D:2      | Reached XP level 3. HP: 7/29 MP: 4/4
  1389 | D:2      | 1389 ||| FLEEEEING.
  1390 | D:2      | 1390 ||| FLEEEEING.
  1391 | D:2      | 1391 ||| FLEEEEING.
  1392 | D:2      | 1392 ||| FLEEEEING.
  1393 | D:2      | 1393 ||| FLEEEEING.
  1393 | D:2      | HP: 3/29 [poisoned by an adder]
  1394 | D:2      | 1394 ||| FLEEEEING.
  1395 | D:2      | 1395 ||| FLEEEEING.
  1396 | D:2      | 1396 ||| STAIRDANCE
  1680 | D:2      | 1680 ||| STAIRDANCE
  1713 | D:2      | 1713 ||| STAIRDANCE
  1726 | D:2      | Reached skill level 4 in Axes
  1732 | D:2      | Noticed Robin
  1733 | D:2      | 1733 ||| Stepping ~*~*~tactically~*~*~ (hiding).
  1735 | D:2      | 1735 ||| Stepping ~*~*~tactically~*~*~ (hiding).
  1738 | D:2      | 1738 ||| INVOKING Fiery Armour.
  1745 | D:2      | Killed Robin
  1746 | D:2      | Reached skill level 1 in Armour
  1757 | D:2      | 1757 ||| FLEEEEING.
  1764 | D:2      | 1764 ||| STAIRDANCE
  1806 | D:2      | 1806 ||| Stepping ~*~*~tactically~*~*~ (stealth).
  1833 | D:2      | Found a broken altar of Ashenzari.
  1851 | D:2      | 1851 ||| Stepping ~*~*~tactically~*~*~ (stealth).
  1853 | D:2      | 1853 ||| Stepping ~*~*~tactically~*~*~ (stealth).
  1874 | D:2      | 1874 ||| Stepping ~*~*~tactically~*~*~ (stealth).
  1875 | D:2      | 1875 ||| Stepping ~*~*~tactically~*~*~ (stealth).
  1980 | D:2      | Reached XP level 4. HP: 35/35 MP: 5/5
  2149 | D:2      | Found a faded altar of an unknown god.
  2260 | D:2      | 2260 ||| UPGRADING to +0 plate armour.
  2270 | D:2      | 2270 ||| DROPPING +0 scale mail.
  2271 | D:2      | 2271 ||| UPGRADING to +0 helmet.
  2276 | D:2      | 2276 ||| READING scroll labelled AXTARO CEUKHIENI.
  2284 | D:3      | 2284 ||| STAIRDANCE
  2341 | D:3      | Noticed Terence
  2359 | D:3      | Killed Terence
  2416 | D:3      | 2416 ||| FLEEEEING.
  2419 | D:3      | 2419 ||| STAIRDANCE
  2535 | D:3      | 2535 ||| Stepping ~*~*~tactically~*~*~ (hiding).
  2750 | D:3      | Noticed Natasha
  2751 | D:3      | 2751 ||| Stepping ~*~*~tactically~*~*~ (hiding).
  2752 | D:3      | 2752 ||| Stepping ~*~*~tactically~*~*~ (hiding).
  2762 | D:3      | Killed Natasha
  2763 | D:3      | Reached XP level 5. HP: 24/41 MP: 6/6
  2944 | D:3      | 2944 ||| INVOKING Fiery Armour.
  2951 | D:3      | HP: 1/41 [orc priest/divine providence (12)]
  2954 | D:3      | Killed from afar by an orc priest

Levels and vault maps discovered:
D:1:      eino_arrival_tree_alley, layout_loops_ring, serial_shops, shop,
          hex_large, chequers_mini_garden, minmay_splitting_lines,
          due_unseen_surprise
D:2:      layout_rooms, ebering_ecumenical_altar_webs, basic_altar, uniq_robin
D:3:      layout_basic, uniq_sigmund, uniq_terence, uniq_natasha

Skill      XL: |  1  2  3  4 |
---------------+-------------+-----
Axes           | 3 4 |  4.8
Armour         | 1 2 |  2.0
Fighting       | |  3.0
Spellcasting   | |  1.0
Fire Magic     | |  2.6

Action                   |  1- 3 |  4- 6 || total
-------------------------+-------+-------++-------
Melee: Hand axe          |   117 |    77 ||   194
       Kick              |    23 |    22 ||    45
Invok: Fiery Armour      |     3 |     1 ||     4
  Use: Scroll            |     6 |     1 ||     7
Armor: Robe              |    22 |       ||    22
       Scale mail        |    29 |     2 ||    31
       Plate armour      |       |    46 ||    46
Dodge: Dodged            |    63 |     9 ||    72
Block: Other             |     8 |    16 ||    24

Table legend:
 A = Non-vault XP
 B = Vault XP
 C = Vault XP percentage of total XP
 D = Non-vault monster count
 E = Vault monster count
 F = Vault count percentage of total count
                 A         B        C        D         E       F
            +---------+---------+-------+---------+---------+-------
      Total |     121 |     105 |  46.5 |      49 |      13 |  21.0
            +---------+---------+-------+---------+---------+-------
        D:1 |      31 |       2 |   6.1 |      20 |       1 |   4.8
        D:2 |      52 |      30 |  36.6 |      17 |      10 |  37.0
        D:3 |      38 |      73 |  65.8 |      12 |       2 |  14.3
            +---------+---------+-------+---------+---------+-------
